Map: 10000 Feet LE

Players

whitegulz - Winner!

  • Race: Zerg Zerg
  • League: Platinum
  • Spawn Location: 5:00

A.I.(極簡單)

  • Race: Zerg Zerg
  • Spawn Location: 11:00

VOD

Have the link to the VOD?

Description

速三轉6min一波壓制

Time

  • Played on: Nov. 25, 2025, 3:29 a.m.
  • Length: 10:17
Show
View Real Time Build Order
Export as new Build Order

whitegulz Zerg - Winner!

Build Orders: Hatch First 

Get SALT Encoding   

  12  0:00  Drone  
  13  0:09  Drone  
  14  0:16  Extractor  
  14  0:17  Extractor  
  14  0:19  Drone  
  13  0:22  Drone  
  16  0:43  Hatchery  
  16  0:47  Extractor x2  
  16  0:49  Drone  
  14  0:55  Overlord  
  16  1:13  Drone x3  
  19  1:27  Extractor  
  19  1:28  Spawning Pool  
  17  1:34  Drone  
  17  1:36  Drone  
  19  1:48  Overlord  
  19  1:55  Drone  
  19  1:56  Drone  
  21  2:16  Queen, Zergling x4  
  21  2:17  Queen  
  27  2:25  Hatchery  
  27  2:29  Metabolic Boost  
  26  2:34  Drone  
  27  2:38  Drone  
  27  2:39  Drone  
  27  2:43  Drone  
  30  2:45  Drone  
  30  2:50  Overlord  
  31  3:01  Drone  
  31  3:04  Pneumatized Carapace  
  31  3:05  Drone x2  
  34  3:12  Zergling x4  
  36  3:17  Queen  
  38  3:22  Drone x2  
  40  3:32  Drone x3  
  40  3:33  Drone  
  44  3:38  Overlord x2  
  44  3:43  Overlord  
  44  3:49  Spore Crawler  
  43  4:00  Spore Crawler  
  43  4:01  Spore Crawler  
  43  4:02  Roach Warren, Extractor  
  40  4:05  Drone  
  40  4:06  Drone x2  
  40  4:07  Drone x2  
  40  4:09  Drone  
  45  4:20  Drone x3  
  45  4:23  Drone x2  
  45  4:24  Drone x2  
  52  4:29  Lair  
  52  4:42  Drone x7  
  59  4:48  Roach  
  59  4:49  Roach  
  63  4:54  Roach x2  
  63  4:55  Baneling Nest  
  63  4:58  Roach  
  68  5:05  Drone  
  68  5:06  Drone  
  70  5:14  Drone x4  
  72  5:15  Overlord x4  
  72  5:18  Extractor  
  72  5:19  Extractor  
  72  5:27  Extractor  
  71  5:28  Zergling x2  
  71  5:29  Zergling x4  
  71  5:32  Hatchery  
  73  5:41  Zergling x6  
  73  5:42  Zergling x14  
  83  5:46  Glial Reconstitution  
  83  5:50  Centrifugal Hooks  
  83  5:54  Roach x3  
  89  5:57  Baneling  
  89  5:58  Baneling x5  
  89  5:59  Baneling  
  89  6:09  Roach  
  89  6:10  Roach x4  
  99  6:21  Queen  
  99  6:22  Queen  
  102  6:26  Spire  
  102  6:30  Overlord x2  
  101  6:33  Overlord  
  101  6:38  Overlord x2  
  101  6:51  Drone x3  
  101  6:52  Drone x6  
  101  6:53  Drone  
  111  6:57  Extractor  
  110  7:11  Drone  
  110  7:12  Drone x7  
  118  7:21  Drone x2  
  118  7:22  Drone  
  121  7:34  Mutalisk  
  121  7:35  Mutalisk x8  
  139  7:40  Extractor x2  
  137  7:52  Overlord  
  137  7:53  Overlord x3  
  137  7:54  Drone  
  137  7:55  Drone x9  
  137  7:56  Drone  
  148  8:09  Evolution Chamber x2  
  148  8:10  Evolution Chamber  
  148  8:11  Infestation Pit  
  148  8:12  Hydralisk Den  
  143  8:16  Mutalisk x3  
  143  8:17  Mutalisk x2  
  153  8:28  Roach  
  153  8:29  Roach x7  
  153  8:34  Overlord x2  
  169  8:40  Mutalisk x2  
  169  8:41  Mutalisk  
  175  8:57  Roach x6  
  175  8:58  Roach x6  
  199  9:50  Extractor, Hatchery  
  196  9:53  Extractor  
  194  10:03  Extractor  
  194  10:04  Hatchery  
  194  10:06  Extractor  
Show
View Real Time Build Order
Export as new Build Order

A.I.(極簡單) Zerg 

Build Orders: Pool First 

Get SALT Encoding   

  12  0:01  Drone  
  13  0:12  Overlord  
  13  0:16  Drone  
  14  0:34  Spawning Pool  
  13  0:37  Drone  
  13  0:41  Extractor  
  13  0:44  Drone  
  14  0:51  Overlord  
  14  1:21  Zergling x2  
  14  1:24  Queen  
  17  1:32  Roach Warren  
  16  1:34  Extractor  
  16  1:38  Drone  
  16  1:45  Drone  
  17  1:49  Zergling x2  
  18  2:04  Drone  
  19  2:11  Drone  
  20  2:17  Zergling x2  
  20  2:21  Drone  
  22  2:30  Overlord  
  22  2:35  Drone  
  23  2:42  Drone  
  24  2:45  Roach  
  24  2:49  Drone  
  27  4:05  Zergling x2  
  27  6:20  Zergling x2  
  27  7:21  Drone  
  27  7:22  Lair, Roach  
  30  7:23  Overlord  
  30  7:28  Drone  
  30  7:29  Hatchery  
  30  7:35  Drone  
  26  7:59  Roach  
  28  8:23  Overseer x2  
  28  8:36  Zergling x2  
  30  8:41  Drone  
  30  8:48  Drone, Extractor  
  24  8:55  Drone  
  24  9:02  Drone  
  24  9:05  Zergling x2  
  24  9:10  Drone  
  25  9:17  Drone  
  26  9:24  Drone  
  26  9:31  Drone  
  26  9:33  Zergling x2  
  28  9:39  Drone  
  29  9:46  Drone  
  26  9:53  Drone  
  26  9:54  Overseer  
  26  9:55  Overlord  
  14  10:00  Drone  
Tags
 
Add a new tag
Caveats
  • Supply blocks, unpowered buildings, or Contaminate may cause inaccurate times.
  • Supply counts are checked every 10 seconds.